 Dungeon Crawl Stone Soup version 0.29.1-1-gd02db6906a (webtiles) character file.

Game seed: 9691226465854686718

2133 Sanktem7 the Fighter (level 9, -2/85 HPs)
             Began as a Minotaur Fighter on Oct 1, 2022.
             Was an Elder of Zin.
             Slain by a deep troll (8 damage)
             ... on level 7 of the Dungeon.
             The game lasted 00:15:59 (7009 turns).

Sanktem7 the Fighter (Minotaur Fighter)             Turns: 7009, Time: 00:16:00

Health: -2/85      AC: 15    Str: 26    XL:     9   Next: 9%
Magic:  8/8        EV: 23    Int:  5    God:    Zin [****..]
Gold:   299        SH:  4    Dex:  7    Spells: 8/8 levels left

rFire   + . .      SeeInvis .   G - +2 mace (protect) {mace}
rCold   . . .      Faith    .   c - +0 buckler
rNeg    . . .      Spirit   .   h - +2 chain mail {rF+}
rPois   .          Reflect  .   (helmet restricted)
rElec   .          Harm     .   t - +0 cloak
rCorr   +          Rampage  .   l - +0 pair of gloves
Will    .....                   n - +0 pair of boots
Stlth   ..........              R - amulet of the acrobat
HPRegen 0.24/turn               i - ring of resist corrosion
MPRegen 0.11/turn               (no ring)

@: acrobatic, studying Armour
A: horns 2, retaliatory headbutt, clumsy 1
a: Renounce Religion, Recite, Vitalisation, Imprison, Donate Gold


You were on level 7 of the Dungeon.
You worshipped Zin.
Zin was greatly pleased with you.
You visited 1 branch of the dungeon, and saw 7 of its levels.
You also visited: Sewer.

You collected 332 gold pieces.
You donated 33 gold pieces to Zin.


Innate Abilities, Weirdness & Mutations

You have a pair of horns on your head.
You reflexively headbutt those who attack you in melee.
You are clumsy. (Dex -2)


   Skills:
 * Level 9.7 Fighting
 - Level 6.9(8.2) Axes
 * Level 6.8(8.1) Maces & Flails
 + Level 3.9 Throwing
 + Level 5.9 Armour
 - Level 3.6 Shields


You had 8 spell levels left.
You didn't know any spells.
Your spell library contained the following spells:

 Spells                   Type           Power      Damage    Failure   Level
 Corpse Rot               Necr/Pois/Air  0%         N/A       100%        4
 Dispel Undead            Necr           0%         3d6       100%        4
 Death Channel            Necr           0%         N/A       100%        6

Inventory:

Hand Weapons
 G - a +2 mace of protection (weapon) {mace}
   (You took it off an orc priest on level 4 of the Dungeon)
Missiles
 j - 9 poisoned darts (quivered) {throwing}
 k - 70 stones {throwing}
 s - 5 boomerangs {throwing}
Armour
 c - a +0 buckler (worn)
 h - a +2 chain mail of fire resistance (worn)
   (You found it on level 1 of the Dungeon)
 l - a +0 pair of gloves (worn)
   (You found it on level 5 of the Dungeon)
 n - a +0 pair of boots (worn)
   (You found it on level 2 of the Dungeon)
 t - a +0 cloak (worn)
   (You found it on level 2 of the Dungeon)
 w - a +0 leather armour
   (You took it off an orc on level 7 of the Dungeon)
 y - a +0 leather armour
   (You took it off an orc on level 7 of the Dungeon)
 A - a +0 leather armour
   (You took it off an orc on level 7 of the Dungeon)
 B - a +0 plate armour
   (You took it off an orc warrior on level 7 of the Dungeon)
 C - a +0 robe
   (You took it off a wight on level 7 of the Dungeon)
 D - a +0 robe
   (You took it off a wight on level 7 of the Dungeon)
 E - a +2 robe of willpower
   (You took it off a wight on level 7 of the Dungeon)
Jewellery
 i - a ring of resist corrosion (left hand)
   (You found it on level 1 of the Dungeon)
 R - an amulet of the acrobat (around neck)
   (You found it on level 5 of the Dungeon)
Wands
 a - a wand of flame (10)
   (You found it on level 7 of the Dungeon)
 q - a wand of polymorph (5) {forbidden}
   (You found it on level 5 of the Dungeon)
Scrolls
 b - a scroll of fear
 f - a scroll of summoning
 g - 3 scrolls of identify {@r1}
 m - a scroll of immolation {!r!r}
 o - a scroll of vulnerability {!r!r}
 p - 5 scrolls of teleportation {@r4}
 r - a scroll of amnesia
 x - a scroll of enchant armour {unknown}
Potions
 d - 2 potions of might
 e - 6 potions of curing {unknown}
 u - 2 potions of haste {@q3}
 v - a potion of lignification {forbidden!q}
 z - a potion of invisibility
 F - a potion of ambrosia {unknown}

Dungeon Overview and Level Annotations

Branches:
Dungeon (7/15) Zot: 26159   Sewer (visited)
 Temple: D:4-7

Altars:
Gozag
Hepliaklqana
Uskayaw
Zin

Shops:
D:6

(
.........####.##########
.........# #.#
.).$.....# #.# #.# #.##
#.# #..## #.# ##..# #.#
##.## #T#######..#
#@##.......#
#.##.......# #
#.##.......###.#
#.######.......# #.#
##.#..##.# #.#
#......#.## #.#
#..##.....# #.#
#......#..
#.#####....#<#.#


You could see a deep troll.


Message History

Found a hazy altar of Hepliaklqana.
There is an empty arch of ancient stone here.
An ufetubus comes into view.
The ufetubus shouts!
An ufetubus is nearby!
The ufetubus hits you but does no damage.
The ufetubus closely misses you. You block the ufetubus's attack.
The ufetubus closely misses you.
You miss the ufetubus. Your headbutt misses the ufetubus.
The ufetubus closely misses you.
The ufetubus hits you but does no damage.
You closely miss the ufetubus.
The ufetubus hits you but does no damage.
The ufetubus closely misses you. You block the ufetubus's attack.
The ufetubus hits you but does no damage.
You barely miss the ufetubus. The ufetubus closely misses you.
The ufetubus hits you but does no damage.
You barely miss the ufetubus. The ufetubus hits you.
The ufetubus completely misses you. The ufetubus barely misses you.
You furiously retaliate!
You headbutt the ufetubus!
You kill the ufetubus! 😕 HP[-1]
You take 1 damage, and now have 84/85 hp.
No target in view!
No target in view!
No target in view!
No target in view!
No target in view!
No target in view!
No target in view!
No target in view!
No target in view!
No target in view!
No target in view!
No target in view!
A deep troll comes into view.
The deep troll shouts! 😎 HP[+1]
Your hp is fully restored (85).
A deep troll is nearby!
The deep troll completely misses you. You furiously retaliate!
You headbutt the deep troll. The deep troll misses you.
The deep troll claws you. 😕 HP[-3]
You take 3 damage, and now have 82/85 hp.
You hit the deep troll.
Your weapon exudes an aura of protection.
The deep troll bites you but does no damage.
The deep troll barely misses you.
The deep troll claws you but does no damage.
You sock the deep troll! You headbutt the deep troll.
The deep troll bites you but does no damage.
The deep troll completely misses you. x2
You hit the deep troll. Your headbutt misses the deep troll.
The deep troll bites you but does no damage.
The deep troll claws you but does no damage. x2 😕 HP[+1]
You barely miss the deep troll. You headbutt the deep troll!
The deep troll bites you but does no damage.
The deep troll claws you but does no damage.
You block the deep troll's attack.
You hit the deep troll. Your headbutt misses the deep troll.
The deep troll bites you but does no damage.
The deep troll claws you. The deep troll claws you! 😕 HP[-13]
You take 13 damage, and now have 70/85 hp.
You closely miss the deep troll.
You headbutt the deep troll, but do no damage.
The deep troll bites you! The deep troll claws you!
* * * LOW HITPOINT WARNING * * *
The deep troll claws you but does no damage. 😨 HP[-31]
You take 31 damage, and now have 39/85 hp.
MASSIVE DAMAGE!! (PAUSE)
You barely miss the deep troll. Your headbutt misses the deep troll.
The deep troll completely misses you.
The deep troll claws you but does no damage.
You block the deep troll's attack. 😨 HP[+1]
You hit the deep troll.
The deep troll bites you but does no damage.
The deep troll claws you!
* * * LOW HITPOINT WARNING * * *
The deep troll claws you!
* * * LOW HITPOINT WARNING * * *
😱 HP[-21]
You take 21 damage, and now have 19/85 hp.
MASSIVE DAMAGE!! (PAUSE)
The deep troll attacks as you move away!
The deep troll bites you!
* * * LOW HITPOINT WARNING * * *
The deep troll closely misses you.
The deep troll claws you but does no damage. 😱 HP[-9]
You take 9 damage, and now have 10/85 hp.
The deep troll attacks as you move away!
The deep troll bites you.
* * * LOW HITPOINT WARNING * * *
The deep troll claws you!
You die...

Skill      XL: |  1  2  3  4  5  6  7  8 |
---------------+-------------------------+-----
Fighting       | 4 5 6 7 8 9 |  9.7
Axes           | 3 4 5 6 |  6.9
Maces & Flails | 2 4 6 |  6.8
Throwing       | 1 2 3 |  3.9
Armour         | 5 |  5.9
Shields        | |  3.6

Action                   |  1- 3 |  4- 6 |  7- 9 || total
-------------------------+-------+-------+-------++-------
Melee: War axe           |    91 |    56 |       ||   147
       Headbutt          |     9 |    16 |    44 ||    69
       Mace              |       |    34 |   254 ||   288
  Use: Scroll            |     2 |       |     7 ||     9
       Potion            |       |       |    10 ||    10
Armor: Scale mail        |    11 |       |       ||    11
       Chain mail        |    62 |    45 |   191 ||   298
Dodge: Dodged            |    34 |    31 |   118 ||   183
Block: Buckler           |    18 |    14 |    48 ||    80

Levels and vault maps discovered:
D:1:      dpeg_arrival_boxorama, layout_basic, basic_ecumenical_altar
D:2:      layout_rooms
D:3:      layout_basic
D:4:      layout_basic, serial_co_window_serial, co_window_corner_a,
          co_window_paths_b, co_window_paths_a, co_window_of_opportunity_a,
          co_window_of_opportunity_a, co_window_paths_a, co_window_corner_a,
          co_window_corner_cb, co_window_2corner, co_window_corner_b,
          co_window_4corner_a, glass_columns_b, glass_columns_a,
          glass_columns_b, glass_columns_b, glass_columns_a, grunt_ministairs_1,
          sigmund_edmund_badplayer
D:5:      layout_basic, cheibrodos_sewer_entry_sluice, minmay_misc_feat_hallway,
          minmay_parallelograms
D:6:      layout_basic, mainiacjoe_overflow_brackets, serial_shops,
          kennysheep_little_box
D:7:      layout_basic, kennysheep_mini_moat, makhleb_grotto_becter,
          nzn_hepliaklqana_mist_gate, minmay_temple_entry_fiery,
          minmay_misc_feat_nine_boxes,
          hellmonk_guarded_unrand_vitality_bloodlust

Notes
Turn   | Place    | Note
-------+----------+-------------------------------------------
     0 | D:1      | Sanktem7 the Minotaur Fighter began the quest for the Orb.
     0 | D:1      | Reached XP level 1. HP: 19/19 MP: 0/0
     0 | D:1      | magus.rc [v1.9.6]
   128 | D:1      | Reached skill level 4 in Fighting
   165 | D:1      | Reached skill level 3 in Axes
   165 | D:1      | Reached XP level 2. HP: 26/27 MP: 1/1
   356 | D:1      | Found a faded altar of an unknown god.
   375 | D:1      | Prayed at the altar of an unknown god.
   375 | D:1      | Became a worshipper of Zin the Law-Giver
   375 | D:1      | Reached * piety under Zin
   789 | D:2      | You pick up a book of Decay {forbidden} and begin
                  | reading...
   789 | D:2      | You add the spells Corpse Rot, Dispel Undead and Death
                  | Channel to your library.
   813 | D:2      | Reached XP level 3. HP: 34/34 MP: 2/2
  1472 | D:3      | Reached skill level 5 in Fighting
  1472 | D:3      | Reached skill level 4 in Axes
  1472 | D:3      | Reached XP level 4. HP: 27/42 MP: 3/3
  2144 | D:4      | Reached XP level 5. HP: 42/50 MP: 4/4
  2291 | D:4      | Reached skill level 5 in Axes
  2308 | D:4      | Reached skill level 6 in Fighting
  2444 | D:4      | Reached XP level 6. HP: 39/57 MP: 5/5
  2837 | D:4      | Noticed Sigmund
  2845 | D:4      | Killed Sigmund
  2846 | D:4      | Reached skill level 7 in Fighting
  2846 | D:4      | Reached skill level 6 in Axes
  2846 | D:4      | Reached skill level 2 in Maces & Flails
  2846 | D:4      | Reached skill level 1 in Throwing
  2866 | D:4      | Noticed Edmund
  2889 | D:4      | Killed Edmund
  2890 | D:4      | Reached XP level 7. HP: 38/66 MP: 6/6
  3479 | D:4      | magus.rc [v1.9.6]
  3602 | D:5      | Entered Level 5 of the Dungeon
  3660 | D:5      | Found a glowing drain.
  3687 | Sewer    | Entered a sewer
  3739 | Sewer    | Reached skill level 3 in Maces & Flails
  3976 | Sewer    | Found a viscous altar of Jiyva.
  4073 | Sewer    | Reached skill level 2 in Throwing
  4088 | Sewer    | Gained mutation: You are clumsy. (Dex -2) [potion of
                  | mutation]
  4321 | D:5      | Reached skill level 4 in Maces & Flails
  4375 | D:5      | Reached skill level 8 in Fighting
  4494 | D:5      | Reached ** piety under Zin
  4576 | D:5      | Reached XP level 8. HP: 72/74 MP: 7/7
  5105 | D:6      | Found a hide-covered altar of Uskayaw.
  5115 | D:6      | Reached skill level 5 in Maces & Flails
  5119 | D:6      | Reached skill level 3 in Throwing
  5119 | D:6      | Reached skill level 4 in Armour
  5485 | D:6      | Reached *** piety under Zin
  6019 | D:6      | Found Umiekkulu's Weapon Shoppe.
  6184 | D:7      | Reached skill level 9 in Fighting
  6283 | D:7      | Reached skill level 6 in Maces & Flails
  6283 | D:7      | Reached skill level 5 in Armour
  6425 | D:7      | Reached **** piety under Zin
  6484 | D:7      | Reached XP level 9. HP: 58/84 MP: 8/8
  6709 | D:7      | Found an opulent altar of Gozag.
  6962 | D:7      | Found a hazy altar of Hepliaklqana.
  6992 | D:7      | Noticed a deep troll
  7003 | D:7      | HP: 19/85 [deep troll (14)]
  7006 | D:7      | HP: 9/85 [deep troll (10)]
  7009 | D:7      | Slain by a deep troll

Vanquished Creatures
  Sigmund (D:4)
  Edmund (D:4)
  2 water moccasins (D:7)
  An ice beast (D:6)
  A black bear (D:5)
  An orc warrior (D:7)
  2 phantoms
  A bullfrog (D:6)
  3 necrophages
  3 scorpions
  3 wights (D:7)
  A howler monkey (D:7)
  2 hounds
  4 jellies
  4 orc priests
  An iguana (D:5)
  2 orc wizards
  8 adders
  2 river rats
  A shadow imp (D:7)
  An ufetubus (D:7)
  3 worms
  A dart slug (D:3)
  17 orcs
  10 ball pythons
  19 endoplasms
  4 giant cockroaches
  8 goblins
  5 hobgoblins
  2 quokkas
  5 bats
  5 frilled lizards
  9 kobolds
  12 rats
145 creatures vanquished.

Table legend:
 A = Non-vault XP
 B = Vault XP
 C = Vault XP percentage of total XP
 D = Non-vault monster count
 E = Vault monster count
 F = Vault count percentage of total count
                 A         B        C        D         E       F
            +---------+---------+-------+---------+---------+-------
      Total |    2311 |     737 |  24.2 |     105 |      40 |  27.6
            +---------+---------+-------+---------+---------+-------
        D:1 |      37 |       0 |   0.0 |      23 |       0 |   0.0
        D:2 |      25 |       0 |   0.0 |      16 |       0 |   0.0
        D:3 |     124 |       0 |   0.0 |      13 |       0 |   0.0
        D:4 |     200 |     517 |  72.1 |      16 |       8 |  33.3
        D:5 |     427 |      24 |   5.3 |       8 |       4 |  33.3
        D:6 |     564 |       0 |   0.0 |      14 |       0 |   0.0
        D:7 |     934 |       0 |   0.0 |      15 |       0 |   0.0
      Sewer |       0 |     196 | 100.0 |       0 |      28 | 100.0
            +---------+---------+-------+---------+---------+-------

Illustrated notes

Table legend:
 A = Kills in this place as a percentage of kills in entire the game.
 B = Kills by you in this place as a percentage of kills by you in the entire game.
 C = Kills by friends in this place as a percentage of kills by friends in the entire game.
 D = Other kills in this place as a percentage of other kills in the entire game.
 E = Experience gained in this place as a percentage of experience gained in the entire game.
 F = Experience gained in this place divided by the number of levels of this place that you have seen.
                   A       B       C       D       E      F
               +-------+-------+-------+-------+-------+----------------------
         Total | 100.0 | 100.0 |   N/A |   N/A | 100.0 | 381.0
       Dungeon |  80.7 |  80.7 |   N/A |   N/A |  93.6 | 407.4
         Sewer |  19.3 |  19.3 |   N/A |   N/A |   6.4 | 196.0
               +-------+-------+-------+-------+-------+----------------------

Table legend: (Time is in decaauts)
 A = Elapsed time spent in this place.
 B = Non-inter-level travel time spent in this place.
 C = Inter-level travel time spent in this place.
 D = Time resting spent in this place.
 E = Time spent auto-exploring this place.
 F = Levels seen in this place.
 G = Mean time per level.
                   A        B        C        D        E       F      G
               +--------+--------+--------+--------+--------+-----+--------+
         Total |   7096 |   6930 |    166 |    226 |   5525 |   8 |  887.0 |
       Dungeon |   6616 |   6450 |    166 |    135 |   5328 |   7 |  945.1 |
         Sewer |    480 |    480 |      0 |     91 |    197 |   1 |  480.0 |
               +--------+--------+--------+--------+--------+-----+--------+

Top non-repeatable levels by time:
     D:4: 1532 daAuts
     D:6: 1272 daAuts
     D:5: 842 daAuts
     D:7: 840 daAuts
     D:3: 768 daAuts
     D:1: 763 daAuts
     D:2: 595 daAuts
   Sewer: 480 daAuts
